[Event "Team 45 45 League T50"]
[Site "Internet Chess Club"]
[Date "2011.09.11"]
[Round "5"]
[White "SirIvanhoe"]
[Black "ticopatzer"]
[Result "1/2-1/2"]
[WhiteElo "1523"]
[BlackElo "1665"]
[Opening "Sicilian: closed"]
[ECO "B24"]
[Time "13:05:23"]
[TimeControl "2700+45"]

1. e4 c5 2. Nc3 Nc6 3. g3 Nf6 4. Bg2 e6 5. d3 d5 6. Bg5 dxe4 7. Nxe4 Be7 8.
Nxf6+ Bxf6 9. Bxf6 Qxf6 10. Rb1 O-O 11. Ne2 e5 12. O-O Bg4 13. h3 Bf5 14. Nc3
Rad8 15. Ne4 Bxe4 16. Bxe4 Qe6 17. Bxc6 Qxc6 18. a3 Rfe8 19. Qg4 Rd4 20. Qg5 e4
21. dxe4 Rdxe4 22. Qd2 Re2 23. Qc3 b6 24. Rfe1 Qe6 25. Rxe2 Qxe2 26. Qd3 Qh5 27.
h4 Qg4 28. Qd2 h6 29. Re1 Rxe1+ 30. Qxe1 g5 31. Qe8+ Kg7 32. Qe5+ Kg6 {Game
drawn by mutual agreement} 1/2-1/2

[Event "Team 45 45 League T50"]
[Site "Internet Chess Club"]
[Date "2011.09.11"]
[Round "5"]
[White "Dracoac"]
[Black "CKNIGHT3"]
[Result "1-0"]
[WhiteElo "1580"]
[BlackElo "1540"]
[Opening "Queen's pawn game, Darooha variation "]
[ECO "D11"]
[Time "12:00:25"]
[TimeControl "2700+45"]

1. Nf3 d5 2. d4 Nf6 3. c4 c6 4. Qb3 e6 5. g3 Ne4 6. Bg2 Qa5+ 7. Nc3 Bb4 8. Bd2
Nxd2 9. Nxd2 Bd6 10. O-O Nd7 11. e4 dxe4 12. c5 Be7 13. Nc4 Qc7 14. Nxe4 O-O 15.
Ned6 b5 16. cxb6 axb6 17. Nxc8 Rfxc8 18. Rac1 Rab8 19. Na3 c5 20. Nb5 Qd8 21. d5
exd5 22. Bxd5 Qf8 23. Rfe1 Nf6 24. Bxf7+ Qxf7 25. Rxe7 Qxb3 26. axb3 Re8 27.
Rce1 Red8 28. Nc7 h6 29. Ne6 Rd7 30. Nxg7 Rbb7 31. Nf5 Kf8 32. Rxd7 Rxd7 33. Re6
Rd1+ 34. Kg2 Nd7 35. Rxh6 Rd2 36. Rd6 Rxd6 37. Nxd6 Ke7 38. Ne4 Ne5 39. Nc3 Nd3
40. Kf3 Nxb2 41. Na4 Nd3 42. Nxb6 Nc1 43. b4 Nb3 44. bxc5 Nxc5 45. h4 Kf6 46. g4
Ne6 47. Nd5+ Kg7 48. Ke4 Kh6 49. f4 Nc5+ 50. Kf5 Nd7 51. Nf6 Nf8 52. g5+ Kg7 53.
h5 Kh8 54. h6 Ng6 55. Nd7 Ne7+ 56. Ke6 Ng6 57. f5 Nf4+ 58. Kf7 Nh5 59. g6 Nf4
60. g7+ Kh7 61. g8=Q+ Kxh6 62. Qg4 Kh7 63. Qg7# {Black checkmated} 1-0

[Event "Team 45 45 League T50"]
[Site "Internet Chess Club"]
[Date "2011.09.10"]
[Round "5"]
[White "LeanSixSigma"]
[Black "vigneshv"]
[Result "0-1"]
[WhiteElo "1445"]
[BlackElo "1598"]
[Opening "French: classical variation"]
[ECO "C14"]
[Time "19:00:07"]
[TimeControl "2700+45"]

1. e4 e6 2. d4 d5 3. Nc3 Nf6 4. Bg5 Be7 5. e5 Nfd7 6. Bxe7 Qxe7 7. Nf3 O-O 8.
Bd3 c5 9. Nb5 a6 10. Nd6 cxd4 11. Nxc8 Rxc8 12. O-O Nc6 13. Re1 Qb4 14. Rb1 Qa5
15. a3 Qc7 16. Ng5 h6 17. Bh7+ Kf8 18. Nxe6+ fxe6 19. Qf3+ Ke7 20. Qg3 Ndxe5 21.
Qxg7+ Kd6 22. Qg3 Qxh7 23. f4 Nf7 24. Qh3 Qf5 25. Qh4 Rg8 {White resigns} 0-1

[Event "Team 45 45 League T50"]
[Site "Internet Chess Club"]
[Date "2011.09.10"]
[Round "5"]
[White "Stryker672"]
[Black "SlimeDog2"]
[Result "0-1"]
[WhiteElo "1941"]
[BlackElo "2071"]
[Opening "Two knights defense"]
[ECO "C56"]
[Time "20:38:15"]
[TimeControl "2700+45"]

1. e4 e5 2. Bc4 Nf6 3. d4 exd4 4. Nf3 Nc6 5. O-O Nxe4 6. Re1 d5 7. Bxd5 Qxd5 8.
Nc3 Qa5 9. Nxe4 Be6 10. Neg5 O-O-O 11. Nxe6 fxe6 12. Rxe6 Bd6 13. Bg5 Rde8 14.
Qe1 Rxe6 15. Qxe6+ Kb8 16. Re1 a6 17. a3 Rf8 18. Bh4 Rxf3 19. gxf3 Ne5 20. Rxe5
Qxe5 21. Qxe5 Bxe5 22. b3 b5 23. Bg3 Bf6 24. Kf1 Kb7 25. Ke2 c5 26. Kd3 Kc6 27.
Ke4 c4 28. Bf4 d3 29. bxc4 dxc2 30. Kd3 bxc4+ 31. Kxc2 Kb5 32. Bd6 g6 33. f4 Bd4
34. Be5 Bc5 35. Kb2 Bxf2 36. h3 Kc5 37. Kc3 Be1+ 38. Kc2 Kd5 39. Bc7 Bg3 40. Kc3
g5 {White resigns} 0-1

[Event "Team 45 45 League T50"]
[Site "Internet Chess Club"]
[Date "2011.09.12"]
[Round "5"]
[White "perikitosax"]
[Black "Deckfuel"]
[Result "1-0"]
[WhiteElo "2036"]
[BlackElo "1938"]
[Opening "QGD semi-Slav: Botvinnik system (anti-Meran)"]
[ECO "D44"]
[Time "11:07:36"]
[TimeControl "2700+45"]

1. d4 Nf6 2. c4 e6 3. Nc3 d5 4. Nf3 c6 5. Bg5 dxc4 6. e4 b5 7. e5 h6 8. Bh4 g5
9. Bg3 Nd5 10. h4 Bb4 11. Rc1 g4 12. Nd2 h5 13. Be2 Qa5 14. Qc2 Nd7 15. O-O N7b6
16. Nde4 Be7 17. a3 Bb7 18. Nb1 Qa4 19. Qd2 O-O-O 20. Bd1 Qa6 21. f4 Nd7 22. f5
c5 23. b3 Kb8 24. bxc4 bxc4 25. Be2 N5b6 26. Nd6 Bxd6 27. exd6 Bd5 28. Nc3 Qa5
29. Rb1 a6 30. Qe3 Ka7 31. Be1 cxd4 32. Qxd4 Qc5 33. Qxc5 Nxc5 34. Bf2 Nbd7 35.
Na4 Rc8 36. fxe6 Bxe6 37. Rfc1 Rc6 38. Bxc4 Ka8 39. Bxe6 fxe6 40. Nxc5 Rxd6 41.
Nxd7 Rxd7 42. Rc6 Rb7 43. Rxa6+ Kb8 44. Rxb7+ Kxb7 45. Rxe6 Rd8 46. Re5 Rd3 47.
Rxh5 g3 48. Bxg3 Rxg3 49. a4 Ka6 50. Kh2 Rg4 51. a5 Rc4 52. Kh3 Rc3+ 53. g3 Rc4
54. Rf5 Rd4 55. h5 Re4 56. g4 Rc4 57. Kh4 Rc8 58. h6 Rh8 59. Kh5 {Black resigns}
1-0

[Event "Team 45 45 League T50"]
[Site "Internet Chess Club"]
[Date "2011.09.11"]
[Round "5"]
[White "crag"]
[Black "zachi"]
[Result "0-1"]
[WhiteElo "1675"]
[BlackElo "1973"]
[Opening "Caro-Kann: advance variation"]
[ECO "B12"]
[Time "09:02:22"]
[TimeControl "2700+45"]

1. e4 c6 2. d4 d5 3. e5 c5 4. c3 Nc6 5. Nf3 Bg4 6. Be2 e6 7. h3 Bxf3 8. Bxf3
cxd4 9. cxd4 Qb6 10. Nc3 Qxd4 11. Nb5 Qb4+ 12. Nc3 Nxe5 13. O-O Be7 14. Re1
Nxf3+ 15. Qxf3 Nf6 16. a3 Qh4 17. Bf4 O-O 18. Kh2 Rac8 19. Re5 Nd7 20. Rh5 Qf6
21. Qg3 Qg6 22. Qf3 Rc4 23. Rd1 Rxf4 24. Qxf4 Qxh5 25. Qc7 Qe5+ {White resigns}
0-1

[Event "Team 45 45 League T50"]
[Site "Internet Chess Club"]
[Date "2011.09.09"]
[Round "5"]
[White "bobhill"]
[Black "BadHabitMarco"]
[Result "0-1"]
[WhiteElo "2006"]
[BlackElo "2175"]
[Opening "Queen's Indian defense"]
[ECO "A47"]
[Time "22:01:58"]
[TimeControl "2700+45"]

1. d4 Nf6 2. Nf3 b6 3. Bg5 Bb7 4. Nbd2 g6 5. Bxf6 exf6 6. e4 Bg7 7. c3 O-O 8.
Bd3 c5 9. O-O d5 10. dxc5 bxc5 11. exd5 Bxd5 12. Ne4 c4 13. Bc2 f5 14. Ned2 Qc7
15. Re1 Nd7 16. Qe2 Rfe8 17. Qf1 Nf6 18. h3 Rab8 19. Rab1 Rxe1 20. Qxe1 Re8 21.
Qf1 Qc5 22. Nd4 a6 23. N2f3 Ne4 24. Qd1 h6 25. Ba4 Re7 26. Qc2 Kh7 27. Rd1 Bb7
28. Nh2 Qc7 29. Nf1 Nc5 30. Ne3 Be4 31. Qd2 Nxa4 32. f3 Bb7 33. Nexf5 gxf5 34.
Nxf5 Qc5+ 35. Nd4 Bxd4+ 36. cxd4 Qg5 37. Qc2+ Qg6 38. Qxa4 Re2 39. g4 Bxf3 40.
Qd7 Rg2+ 41. Kf1 Bxd1 42. Kxg2 Qe4+ 43. Kg3 Qf3+ 44. Kh4 Qf2+ 45. Kh5 Qf6 46.
Qd5 Bc2 47. g5 Bd1+ {White resigns} 0-1

[Event "Team 45 45 League T50"]
[Site "Internet Chess Club"]
[Date "2011.09.11"]
[Round "5"]
[White "DARKwizard1"]
[Black "Beetlejuice"]
[Result "1-0"]
[WhiteElo "2024"]
[BlackElo "1837"]
[Opening "Sicilian: closed"]
[ECO "B23"]
[Time "13:04:41"]
[TimeControl "2700+45"]

1. e4 c5 2. Nc3 a6 3. g3 b5 4. Bg2 Bb7 5. b3 e6 6. Qe2 d5 7. exd5 Nf6 8. Bb2
Nxd5 9. Nf3 Nf6 10. Rd1 Nc6 11. O-O Be7 12. Ne4 O-O 13. Ne5 Nxe4 14. Qxe4 Rc8
15. d4 Qc7 16. dxc5 f5 17. Qe3 Nxe5 18. Bxe5 Bxc5 19. Qc3 Qe7 20. Qa1 Bxg2 21.
Kxg2 Bb4 22. c3 Bc5 23. Rd3 Rfd8 24. Rfd1 Bb6 25. a4 Bc7 26. Bxc7 Qxc7 27. axb5
axb5 28. Qa6 Rxd3 29. Qxe6+ Kh8 30. Rxd3 g6 31. h4 Qc6+ 32. Qxc6 Rxc6 33. Kf3
Kg7 34. Ke3 Kf6 35. Kd2 h6 36. Rd5 Rb6 37. Ke3 g5 38. hxg5+ hxg5 39. Kd4 Ke6 40.
g4 fxg4 41. Rxg5 Rd6+ 42. Kc5 Rd3 43. Kb4 Rf3 44. Rxg4 Rxf2 45. Kxb5 {Black
resigns} 1-0

[Event "Team 45 45 League T50"]
[Site "Internet Chess Club"]
[Date "2011.09.10"]
[Round "5"]
[White "Beddathanme"]
[Black "siddhu"]
[Result "0-1"]
[WhiteElo "1769"]
[BlackElo "1923"]
[Opening "Bishop's opening/Petrov: Urusov gambit"]
[ECO "C24"]
[Time "15:00:17"]
[TimeControl "2700+45"]

1. e4 e5 2. Bc4 Nf6 3. d4 exd4 4. Nf3 Nxe4 5. Qxd4 Nf6 6. Bg5 Be7 7. Nc3 Nc6 8.
Qh4 d6 9. O-O-O Be6 10. Bd3 Nd7 11. Rhe1 Nde5 12. Bxe7 Qxe7 13. Qg3 Nxf3 14.
gxf3 O-O 15. f4 Qd7 16. Rg1 g6 17. Ne4 f5 18. Ng5 Rae8 19. b3 Nb4 20. Nxe6 Nxd3+
21. Rxd3 Qxe6 22. Qh4 Qf6 23. Qxf6 Rxf6 24. h4 Re4 25. Rf3 Rfe6 26. Rg2 Re1+ 27.
Kb2 Rh1 28. Rc3 c6 {White resigns} 0-1

[Event "Team 45 45 League T50"]
[Site "Internet Chess Club"]
[Date "2011.09.13"]
[Round "5"]
[White "Xanther"]
[Black "Tjet"]
[Result "1-0"]
[WhiteElo "1516"]
[BlackElo "1453"]
[Opening "King's pawn opening"]
[ECO "B07"]
[Time "23:11:45"]
[TimeControl "2700+45"]

1. e4 d6 2. d4 e5 3. dxe5 dxe5 4. Qxd8+ Kxd8 5. Bc4 Be6 6. Bxe6 fxe6 7. Nf3 Bd6
8. Bg5+ Nf6 9. Nc3 Ke7 10. O-O-O Nc6 11. Nd2 Rad8 12. Rhf1 h6 13. Bh4 g5 14. Bg3
Nh5 15. Nb5 Nxg3 16. fxg3 Rhf8 17. Rxf8 Rxf8 18. Nc4 Rd8 19. h4 a6 20. Nbxd6
cxd6 21. hxg5 hxg5 22. Rh1 b5 23. Rh7+ Kf6 24. Ne3 Kg6 25. Rb7 Nd4 26. Kd1 Rc8
27. Rd7 Rc6 28. c3 Nf5 29. exf5+ exf5 30. Nd5 Kh5 31. Ne7 Rb6 32. Nxf5 Kg4 33.
Nxd6 Kxg3 34. Nf7 Kxg2 35. Nxg5 Rg6 36. Nf7 e4 37. Nd6 e3 38. Ke2 Re6 39. Nf5
{Black resigns} 1-0

[Event "Team 45 45 League T50"]
[Site "Internet Chess Club"]
[Date "2011.09.11"]
[Round "5"]
[White "alaskauk"]
[Black "doublepar"]
[Result "1-0"]
[WhiteElo "1519"]
[BlackElo "1441"]
[Opening "Giuoco Piano"]
[ECO "C54"]
[Time "09:00:33"]
[TimeControl "2700+45"]

1. e4 e5 2. Nf3 Nc6 3. Bc4 Bc5 4. c3 Nf6 5. d4 exd4 6. cxd4 Bb4+ 7. Bd2 Bxd2+ 8.
Nbxd2 Nxe4 9. Nxe4 d5 10. Bd3 dxe4 11. Bxe4 O-O 12. O-O Re8 13. Bxc6 bxc6 14.
Qc2 Qf6 15. Rfe1 Bf5 16. Qc3 Re6 17. Rac1 Rae8 18. Rxe6 Rxe6 19. Qa5 Qd8 20.
Qxf5 Re2 21. Rb1 Qb8 22. Ng5 Qxb2 23. Qxf7+ Kh8 24. Qf8# {Black checkmated} 1-0

[Event "Team 45 45 League T50"]
[Site "Internet Chess Club"]
[Date "2011.09.09"]
[Round "5"]
[White "oldprez"]
[Black "JohLeb"]
[Result "1-0"]
[WhiteElo "1491"]
[BlackElo "1394"]
[Opening "Sicilian"]
[ECO "B56"]
[Time "18:30:32"]
[TimeControl "2700+45"]

1. e4 c5 2. Nf3 d6 3. d4 cxd4 4. Nxd4 Nf6 5. Nc3 e5 6. Nf3 Bg4 7. Be2 Be7 8. O-O
Nc6 9. Be3 O-O 10. a3 a6 11. Qd2 Qc7 12. Bg5 Rad8 13. Bxf6 Bxf3 14. Nd5 Qd7 15.
Bxe7 Bxe2 16. Bxf8 Bxf1 17. Bxd6 Qxd6 18. Rxf1 Kf8 19. Rd1 Ne7 20. c4 f5 21.
exf5 Nxf5 22. g3 Nd4 23. Qd3 g6 24. Qe3 Kg7 25. f4 Re8 26. fxe5 Nc2 27. exd6
Nxe3 28. Nxe3 {Black resigns} 1-0

[Event "Team 45 45 League T50"]
[Site "Internet Chess Club"]
[Date "2011.09.10"]
[Round "5"]
[White "dpmdpm"]
[Black "radiohead"]
[Result "1/2-1/2"]
[WhiteElo "1588"]
[BlackElo "1389"]
[Opening "Sicilian: closed"]
[ECO "B24"]
[Time "14:31:02"]
[TimeControl "2700+45"]

1. e4 c5 2. Nc3 Nc6 3. g3 g6 4. Bg2 Bg7 5. d3 Nf6 6. f4 d6 7. Nf3 e6 8. h3 O-O
9. Be3 b6 10. O-O Rb8 11. Qd2 Bd7 12. g4 d5 13. exd5 Nxd5 14. Bf2 Nxc3 15. bxc3
Qc7 16. Rae1 Rfe8 17. d4 c4 18. Ne5 Nxe5 19. fxe5 Bc6 20. Bxc6 Qxc6 21. Be3 Rbd8
22. Bh6 Qc7 23. Bxg7 Kxg7 24. Qf4 Qe7 25. Qf6+ Kg8 26. Qxe7 Rxe7 27. Kf2 Kg7 28.
g5 b5 29. Ke3 Rb8 30. Rb1 Reb7 31. Rb4 a5 32. Rbb1 b4 33. cxb4 Rxb4 34. Rxb4
Rxb4 35. Kd2 Ra4 36. Ra1 Ra3 37. c3 Kf8 38. Kc2 Ke7 39. Kb2 Ra4 40. Rb1 Kd7 41.
Ka1 Kc6 42. Rb2 Ra3 43. Rc2 Kd5 44. Kb2 Ra4 45. Re2 {Game drawn by mutual
agreement} 1/2-1/2

[Event "Team 45 45 League T50"]
[Site "Internet Chess Club"]
[Date "2011.09.12"]
[Round "5"]
[White "tryanything"]
[Black "mongmong"]
[Result "1/2-1/2"]
[WhiteElo "1563"]
[BlackElo "1592"]
[Opening "French: advance, Milner-Barry gambit"]
[ECO "C02"]
[Time "19:00:29"]
[TimeControl "2700+45"]

1. e4 e6 2. d4 d5 3. e5 c5 4. c3 Nc6 5. Nf3 Qb6 6. Bd3 cxd4 7. cxd4 Bd7 8. O-O
Nxd4 9. Nxd4 Qxd4 10. Nc3 Qxe5 11. Re1 Qb8 12. Nxd5 Bd6 13. Qg4 Kf8 14. Qh3 Bc6
15. Nc3 Qc8 16. Be3 Nf6 17. Rad1 Be7 18. Bb5 a6 19. Bxc6 Qxc6 20. Rc1 Qe8 21.
Qf3 Qc6 22. Qxc6 bxc6 23. Na4 Rc8 24. Nc5 Bxc5 25. Bxc5+ Ke8 26. f3 Nd5 27. g3
Kd7 28. Kf2 {Game drawn by mutual agreement} 1/2-1/2

[Event "Team 45 45 League T50"]
[Site "Internet Chess Club"]
[Date "2011.09.09"]
[Round "5"]
[White "seattleblues"]
[Black "nanning"]
[Result "0-1"]
[WhiteElo "1442"]
[BlackElo "1499"]
[Opening "Sicilian: Alapin's variation (2.c3)"]
[ECO "B22"]
[Time "04:51:51"]
[TimeControl "2700+45"]

1. e4 c5 2. c3 Nf6 3. e5 Nd5 4. Bc4 Nb6 5. Bb3 e6 6. d4 d5 7. Nf3 Be7 8. Na3
cxd4 9. cxd4 O-O 10. O-O Nc6 11. Nb1 Bd7 12. Be3 Rc8 13. a3 Na5 14. Bc2 f5 15.
Bd2 Nac4 16. b3 Nxd2 17. Nbxd2 Bb5 18. Re1 Qe8 19. Nf1 a5 20. Ng3 Rc3 21. a4 Ba6
22. Ne2 Rc7 23. Nf4 Bb4 24. Re3 Qe7 25. Ng5 Rc6 26. Qh5 h6 27. Ng6 Qxg5 28. Qxg5
hxg5 29. Nxf8 Kxf8 30. Ra2 Bd2 31. Rh3 g4 32. Rh8+ Kf7 33. g3 Bc3 34. h4 Bxd4
35. h5 Bxe5 36. Rh7 Kg8 {White resigns} 0-1

[Event "Team 45 45 League T50"]
[Site "Internet Chess Club"]
[Date "2011.09.11"]
[Round "5"]
[White "musfeldt"]
[Black "MichaelJames"]
[Result "0-1"]
[WhiteElo "1311"]
[BlackElo "1346"]
[Opening "QGD: 4.Bg5 Be7"]
[ECO "D53"]
[Time "15:00:56"]
[TimeControl "2700+45"]

1. d4 d5 2. c4 e6 3. Nc3 Nf6 4. Bg5 Be7 5. e3 c5 6. Nge2 cxd4 7. Nxd4 O-O 8.
cxd5 Nxd5 9. Bxe7 Nxe7 10. Be2 Nbc6 11. Nxc6 Nxc6 12. O-O Qg5 13. Bf3 e5 14. Qb3
Ne7 15. e4 Ng6 16. g3 Bh3 17. Bg2 Bxg2 18. Kxg2 Nh4+ 19. Kh1 Nf3 20. Rfd1 Qh5
21. h4 Qg4 22. Kg2 Nxh4+ 23. Kf1 Qh3+ 24. Ke2 Qg4+ 25. Kf1 Nf3 26. Kg2 h5 27.
Rd3 Nd4 28. Qd5 Qe6 29. Qxb7 Rfb8 30. Qd5 Qxd5 31. Nxd5 Rxb2 32. a4 Kf8 33. Rc1
Ra2 34. Rdc3 f6 35. Rc8+ Rxc8 36. Rxc8+ Kf7 37. Rc7+ Kg6 38. Rxa7 f5 39. Ne7+
Kg5 40. Nxf5 Nxf5 41. exf5 Kxf5 42. Rxg7 Rxa4 43. Rf7+ Kg6 44. Re7 Kf6 45. Rh7
Kg6 46. Rh8 Kg5 47. Rg8+ Kf5 48. Kh3 Ra2 49. Rf8+ Kg6 50. Kh4 e4 51. Rg8+ Kh6
52. Rh8+ Kg6 53. Rxh5 Rxf2 54. Rg5+ Kf6 55. g4 e3 56. Rf5+ Rxf5 57. gxf5 e2
{White resigns} 0-1

[Event "Team 45 45 League T50"]
[Site "Internet Chess Club"]
[Date "2011.09.08"]
[Round "5"]
[White "Conjurer"]
[Black "Aquaman"]
[Result "1-0"]
[WhiteElo "1356"]
[BlackElo "1261"]
[Opening "English opening"]
[ECO "A10"]
[Time "21:00:39"]
[TimeControl "2700+45"]

1. c4 g6 2. Nc3 Bg7 3. g3 e5 4. Nf3 d6 5. Bg2 f5 6. O-O Nf6 7. d3 O-O 8. Bg5 c6
9. Be3 Qc7 10. b4 f4 11. Bd2 fxg3 12. fxg3 Na6 13. a3 Rb8 14. Ng5 b5 15. Kh1
bxc4 16. dxc4 Qe7 17. Bxc6 Nc7 18. Bg2 Ne6 19. Rc1 Nxg5 20. Bxg5 Qc7 21. Nd5 Qd8
22. e4 Be6 23. Nxf6+ Bxf6 24. Bxf6 Rxf6 25. Rxf6 Qxf6 26. Qxd6 Rd8 27. Qc7 Rd7
28. Qc5 Kg7 29. Rf1 Qd8 30. Qxe5+ Kh6 31. Qxe6 Rd1 32. Qg4 Rd7 33. Qe2 Kg7 34.
h4 Rd3 35. Qb2+ Kh6 36. Kh2 Qd6 37. c5 Qxg3+ 38. Kg1 Qe3+ 39. Qf2 Rxa3 40. Qxe3+
Rxe3 41. Rc1 Rb3 42. c6 Rxb4 43. c7 {Black resigns} 1-0

[Event "Team 45 45 League T50"]
[Site "Internet Chess Club"]
[Date "2011.09.09"]
[Round "5"]
[White "oldsj"]
[Black "ElmerHo"]
[Result "1-0"]
[WhiteElo "1524"]
[BlackElo "1546"]
[Opening "Ruy Lopez: Berlin defense, open variation"]
[ECO "C67"]
[Time "19:00:35"]
[TimeControl "2700+45"]

1. e4 e5 2. Nf3 Nc6 3. Bb5 Nf6 4. O-O Nxe4 5. d4 Nd6 6. Bxc6 dxc6 7. dxe5 Nf5 8.
Qxd8+ Kxd8 9. Nc3 Ne7 10. Ne4 Ng6 11. Bg5+ Ke8 12. Rad1 Be6 13. a3 h6 14. Bc1
Rd8 15. b4 Be7 16. Bb2 Rd7 17. Ned2 Kd8 18. Nd4 Kc8 19. Nxe6 fxe6 20. Nf3 Rhd8
21. Rxd7 Rxd7 22. Nd4 Nf8 23. Nb3 b6 24. Nd4 Kb7 25. Nb3 c5 26. bxc5 Bxc5 27.
Nxc5+ bxc5 28. Bc3 Ng6 29. f4 Ne7 30. Rf2 Rd1+ 31. Rf1 Rxf1+ 32. Kxf1 Nd5 33.
Bd2 c6 34. Ke2 Kb6 35. c4 Ne7 36. g4 Kc7 37. Ke3 Kd7 38. Ke4 g6 39. h4 h5 40.
gxh5 gxh5 41. Be1 a6 42. Bf2 Nf5 43. Kf3 Nd4+ 44. Bxd4 cxd4 45. c5 Ke7 46. Ke4
Kf7 47. Kxd4 Kg6 48. Ke4 a5 49. a4 Kf7 50. f5 Ke7 51. Kf4 Kf7 52. Kg5 exf5 53.
Kxf5 Ke7 54. Kg5 Ke6 55. Kxh5 Kxe5 56. Kg6 {Black resigns} 1-0

[Event "Team 45 45 League T50"]
[Site "Internet Chess Club"]
[Date "2011.09.10"]
[Round "5"]
[White "BrerRabbit"]
[Black "stan-beers"]
[Result "1-0"]
[WhiteElo "1523"]
[BlackElo "1441"]
[Opening "English, 1...Nf6 (Anglo-Indian defense)"]
[ECO "A15"]
[Time "20:01:03"]
[TimeControl "2700+45"]

1. c4 Nf6 2. g3 d6 3. Bg2 Nbd7 4. Nc3 e5 5. Nf3 c6 6. d4 Be7 7. O-O O-O 8. Rb1
Qc7 9. e3 Nb6 10. b3 Bg4 11. Qc2 Rac8 12. Bb2 Bh5 13. Rbc1 Bg6 14. Qe2 e4 15.
Nd2 Qd7 16. Ncxe4 Nxe4 17. Nxe4 d5 18. cxd5 cxd5 19. Nd2 Bf6 20. Nf3 Be4 21. Nd2
Bxg2 22. Kxg2 Qe6 23. Nf3 Rfe8 24. Qd2 a6 25. Rxc8 Rxc8 26. Rc1 Rxc1 27. Qxc1 h6
28. Qc7 Qc6 29. Qxc6 bxc6 30. Ba3 Nd7 31. Ne1 Bd8 32. Nd3 a5 33. Bd6 f6 34. a4
Kf7 35. Nc5 Nxc5 36. Bxc5 g6 37. h3 h5 38. b4 axb4 39. Bxb4 Ke8 40. a5 Kd7 41.
a6 Kc8 42. Bc5 Kb8 43. f3 Ka8 44. e4 dxe4 45. fxe4 Bc7 46. g4 Bb8 47. gxh5 gxh5
48. Kf3 Ba7 49. Kf4 Bxc5 50. dxc5 Ka7 51. Kf5 Kxa6 52. Kxf6 Kb5 53. e5 Kxc5 54.
e6 Kd5 55. e7 c5 56. e8=Q c4 57. Qe3 c3 58. Qxc3 Ke4 59. Kg5 Kd5 60. Kxh5 Ke6
61. Kg6 Kd5 62. h4 {Black resigns} 1-0

[Event "Team 45 45 League T50"]
[Site "Internet Chess Club"]
[Date "2011.09.09"]
[Round "5"]
[White "Risto"]
[Black "PsyMar"]
[Result "1-0"]
[WhiteElo "1343"]
[BlackElo "1352"]
[Opening "Scotch game"]
[ECO "C45"]
[Time "13:00:29"]
[TimeControl "2700+45"]

1. e4 e5 2. Nf3 Nc6 3. d4 exd4 4. Nxd4 Bc5 5. Be3 Qf6 6. c3 Nge7 7. Be2 d6 8.
O-O Qg6 9. Nd2 Bh3 10. Bf3 Ne5 11. Kh1 Nxf3 12. Qxf3 Bg4 13. Qg3 O-O 14. f3 Bd7
15. Bf4 f5 16. exf5 Nxf5 17. Qxg6 hxg6 18. N4b3 Bb6 19. Ne4 Ne3 20. Bxe3 Bxe3
21. Rfe1 Bb6 22. Rad1 Rf5 23. Nbd2 Re8 24. Nc4 d5 25. Nxb6 axb6 26. Ng3 Rfe5 27.
Rxe5 Rxe5 28. Kg1 Bb5 29. Kf2 Kf7 30. Rd4 c5 31. Rf4+ Ke6 32. Rh4 Kf6 33. Rf4+
Rf5 34. Nxf5 gxf5 35. g4 Bd7 36. gxf5 Bxf5 37. Ra4 b5 38. Ra8 d4 39. cxd4 cxd4
40. Ke2 d3+ 41. Kd2 Ke5 42. Rb8 Kf4 43. Rxb7 Kxf3 44. Rf7 Ke4 45. Rxg7 Kd4 46.
h4 Be6 47. b3 b4 48. h5 Bf5 49. h6 Ke4 50. h7 Bxh7 51. Rxh7 Kf5 52. Rb7 Ke6 53.
Kxd3 Kd6 54. Kd4 Kc6 55. Rxb4 Kc7 56. Kd5 Kc8 57. Rb6 Kc7 58. Kc5 Kd7 59. Rd6+
Kc7 60. a3 Kb7 61. Rc6 Ka7 62. Rb6 Ka8 63. Kc6 Ka7 64. Kc7 Ka8 65. Ra6# {Black
checkmated} 1-0

[Event "Team 45 45 League T50"]
[Site "Internet Chess Club"]
[Date "2011.09.11"]
[Round "5"]
[White "lookatall65sqas"]
[Black "wekabird"]
[Result "1-0"]
[WhiteElo "1593"]
[BlackElo "1162"]
[Opening "Caro-Kann: classical variation"]
[ECO "B18"]
[Time "20:00:47"]
[TimeControl "2700+45"]

1. e4 c6 2. d4 d5 3. Nc3 dxe4 4. Nxe4 Bf5 5. Ng3 Bg6 6. N1e2 h6 7. Nf4 Bh7 8.
Bc4 Nf6 9. O-O e6 10. Re1 Nd5 11. Bxd5 cxd5 12. Qh5 Bg6 13. Nxg6 fxg6 14. Qxg6+
Kd7 15. Qxe6+ Kc7 16. Bf4+ Bd6 17. Bxd6+ Qxd6 18. Qxd6+ Kxd6 19. Nf5+ Kc7 20.
Re7+ Nd7 21. Rxg7 Raf8 22. Ne7 Kd6 23. Ng6 b6 24. Nxh8 Rxh8 25. Re1 a5 26. Rg6+
Kc7 27. Ree6 Kd8 28. Rxh6 Rxh6 29. Rxh6 Kc7 30. f4 Nb8 31. f5 Nd7 32. f6 Kd6 33.
f7+ Ke7 34. Rh7 Kf8 35. g4 Nf6 36. Rh6 Kxf7 37. Rxf6+ Kxf6 38. h4 b5 39. a3 b4
40. axb4 axb4 41. Kf2 Ke6 42. Ke2 Kd6 43. Kd3 Ke6 44. c4 dxc4+ 45. Kxc4 b3 46.
d5+ Kd6 47. h5 Ke7 48. h6 Kf6 49. d6 {Black resigns} 1-0

[Event "Team 45 45 League T50"]
[Site "Internet Chess Club"]
[Date "2011.09.11"]
[Round "5"]
[White "Berke"]
[Black "BotanicalKnight"]
[Result "1/2-1/2"]
[WhiteElo "1578"]
[BlackElo "1568"]
[Opening "Owen defense"]
[ECO "B00"]
[Time "16:08:47"]
[TimeControl "2700+45"]

1. e4 b6 2. d4 Bb7 3. Nc3 e6 4. Nf3 Nf6 5. Bd3 Bb4 6. O-O Bxc3 7. bxc3 Nxe4 8.
c4 O-O 9. Bb2 Ng5 10. Ne1 Nh3+ 11. Kh1 Nf4 12. Qg4 Ng6 13. Rd1 Qh4 14. Qxh4 Nxh4
15. f4 f5 16. Kg1 Nc6 17. g3 Ng6 18. c3 Nce7 19. Bc2 Ba6 20. Bd3 Bb7 21. Nc2 a5
22. Ne3 Rad8 23. a4 Bc6 24. Bc2 Bb7 25. Ba3 Rfe8 26. Kf2 Kf7 27. Rd2 d6 28. Bb3
d5 29. Rfd1 dxc4 30. Bxc4 Nd5 31. Nxd5 Bxd5 32. Be2 Bc6 33. Bb5 Bxb5 34. axb5
Ne7 35. c4 Nc8 36. Ke3 Nd6 37. Bxd6 Rxd6 38. Re1 {Game drawn by mutual
agreement} 1/2-1/2

[Event "Team 45 45 League T50"]
[Site "Internet Chess Club"]
[Date "2011.09.11"]
[Round "5"]
[White "drsigmund1"]
[Black "Barie"]
[Result "0-1"]
[WhiteElo "1418"]
[BlackElo "1469"]
[Opening "French: advance variation"]
[ECO "C02"]
[Time "19:30:05"]
[TimeControl "2700+45"]

1. e4 e6 2. d4 d5 3. e5 c5 4. c3 Nc6 5. Bb5 Bd7 6. Nf3 Qb6 7. a4 a6 8. Bxc6 Bxc6
9. h4 cxd4 10. Nxd4 Bc5 11. Qg4 g6 12. b4 Bxd4 13. cxd4 Qxb4+ 14. Bd2 Qb6 15.
Rh3 Ne7 16. h5 O-O-O 17. a5 Qb2 18. Bc3 Qc1+ 19. Qd1 Qg5 20. Qf3 Qc1+ 21. Qd1
Qg5 22. Qf3 Nf5 23. hxg6 hxg6 24. Nd2 Rdf8 25. Nb3 Nh4 26. Qg3 Nxg2+ 27. Kf1
Qxg3 28. Rxg3 Nf4 29. Nc5 Rh1+ 30. Rg1 Bb5+ 31. Ke1 Rxg1+ 32. Kd2 Rxa1 33. Bxa1
Rh8 34. Ke3 Ng2+ 35. Kf3 Ne1+ 36. Ke3 Nc2+ {White resigns} 0-1

[Event "Team 45 45 League T50"]
[Site "Internet Chess Club"]
[Date "2011.09.11"]
[Round "5"]
[White "Elalfer"]
[Black "Cicero"]
[Result "0-1"]
[WhiteElo "1329"]
[BlackElo "1337"]
[Opening "Budapest: Fajarowicz variation"]
[ECO "A51"]
[Time "11:00:22"]
[TimeControl "2700+45"]

1. d4 Nf6 2. c4 e5 3. dxe5 Ne4 4. Nf3 Bb4+ 5. Nbd2 d5 6. exd6 Qxd6 7. a3 Nxd2 8.
Bxd2 Bc5 9. e3 a5 10. Be2 O-O 11. b4 axb4 12. axb4 Ba7 13. O-O Nd7 14. Nd4 c6
15. b5 Bb8 16. g3 Rxa1 17. Qxa1 Nf6 18. bxc6 bxc6 19. Qb2 c5 20. Nb5 Qc6 21. f4
Bh3 22. Bf3 Ne4 23. Qc2 Re8 24. Re1 Qg6 25. Nc3 f5 26. Bg2 Nxg3 27. hxg3 Qxg3
28. Re2 Bxf4 29. Be1 Bxe3+ 30. Kh1 Bxg2+ 31. Rxg2 Qxe1+ 32. Kh2 Qh4# {White
checkmated} 0-1